 Dungeon Crawl Stone Soup version 0.30.1-11-g7821555f0a (webtiles) character file.

Game seed: 10796255255609797267

2155 diecastcamel the Cleaver (level 9, -12/69 HPs)
             Began as a Demonspawn Berserker on Nov 2, 2023.
             Was a Priest of Trog.
             Mangled by a small abomination (17 damage)
             ... on level 6 of the Dungeon.
             The game lasted 00:23:27 (6965 turns).

diecastcamel the Cleaver (Demonspawn Berserker)     Turns: 6965, Time: 00:23:28

Health: -12/69     AC: 13    Str: 27    XL:     9   Next: 10%
Magic:  0/9        EV:  8    Int: 10    God:    Trog [***...]
Gold:   307        SH:  4    Dex: 12    Spells: 8/8 levels left

rFire   . . .        n - +0 hand axe (venom)
rCold   . . .        (no shield)
rNeg    . . .        d - +0 plate armour
rPois   .            (no helmet)
rElec   .            x - +0 cloak
rCorr   .            (no gloves)
SInv    .            (no boots)
Will    .....        g - amulet of guardian spirit Stlth
                     c - +6 ring of strength
HPRegen 0.31/turn    u - +4 ring of slaying
MPRegen 0.11/turn

%: guardian spirit
@: about to teleport, hasted, very quick
A: large bone plates 1, foul stench 3, condensation shield
a: Renounce Religion, Berserk, Trog's Hand


You were on level 6 of the Dungeon.
You worshipped Trog.
Trog was most pleased with you.
You visited 1 branch of the dungeon, and saw 6 of its levels.

You collected 307 gold pieces.

Inventory:

Hand Weapons
 a - a +0 battleaxe
 n - a +0 hand axe of venom (weapon)
 D - a +2 mace of protection
 H - a +0 whip of freezing
Missiles
 k - 2 atropa-tipped darts
 y - 12 poisoned darts (quivered)
Armour
 d - a +0 plate armour (worn)
 x - a +0 cloak (worn)
Jewellery
 c - a +6 ring of strength (left hand)
 g - an amulet of guardian spirit (around neck)
 u - a +4 ring of slaying (right hand)
Wands
 o - a wand of light (8)
 t - a wand of mindburst (8)
 B - a wand of flame (22)
 C - a wand of iceblast (4)
Scrolls
 b - a scroll of brand weapon
 f - 3 scrolls of teleportation
 h - 3 scrolls of poison
 j - a scroll of vulnerability
 l - a scroll of enchant armour
 m - 3 scrolls of immolation
 p - 2 scrolls of torment
 s - 2 scrolls of fog
 v - a scroll of noise {unknown}
 w - a scroll of amnesia {unknown}
 A - 2 scrolls of enchant weapon {unknown}
 E - a scroll of identify
Potions
 e - 3 potions of haste
 i - a potion of curing {unknown}
 q - 4 potions of mutation {unknown}
 r - 2 potions of lignification {unknown}
 z - a potion of magic {unknown}
 F - a potion of attraction {unknown}
 G - 2 potions of invisibility {unknown}


   Skills:
 + Level 5.8 Fighting
 * Level 8.5 Axes
 + Level 4.5 Armour
 + Level 4.4 Dodging


You had 8 spell levels left.
You didn't know any spells.
Your spell library was empty.

Dungeon Overview and Level Annotations

Branches:
Dungeon (6/15)             Temple (0/1) D:5

Altars:
Hepliaklqana
Wu Jian

Portals:
Abyss: D:6

Annotations:
D:3 1 runed translucent door, Crazy Yiuf
D:6 1 transporter, TekDriveTruck's ghost, novice GnFi


Innate Abilities, Weirdness & Mutations

You are partially covered in large bone plates. (SH +4)
You frequently emit foul miasma when damaged in melee.
A meltable shield of frost defends you. (SH +0)


Message History

Search for what [Enter for "."]? .
There is an open door here.
You see here 2 large rocks.
Unknown command.
Unknown command.
The kobold brigand shouts!
There is a transporter here.
You enter the transporter and appear at another place.
TekDriveTruck's ghost turns its malevolent gaze towards you.
The small abomination hits you but does no damage. x2
Found a book of Displacement.
You hit the small abomination.
The small abomination is lightly damaged.
The small abomination hits you!
You emit a cloud of foul miasma!
Okay, then.
Aiming: Iceblast
Press: ? - help, Q - select action, (/) - cycle Shift-Dir - straight line, f - sun demon
Aim: a sun demon The mass of ice explodes!
The iceblast engulfs the sun demon!
The sun demon is frozen!
The sun demon is moderately wounded.
The small abomination hits you!
The small abomination barely misses you.
The sun demon hits you.
You are engulfed in flames!
Your condensation shield dissipates!
You emit a cloud of foul miasma!
As you read the scroll of teleportation, it crumbles to dust.
You feel strangely unstable.
The small abomination hits you but does no damage.
The small abomination barely misses you.
The sun demon hits you but does no damage.
It was a potion of haste.
You feel yourself speed up.
The small abomination hits you but does no damage.
The small abomination barely misses you.
The sun demon hits you!
* * * LOW HITPOINT WARNING * * *
You are engulfed in flames!
* * * LOW HITPOINT WARNING * * *
The small abomination hits you!
You die...

...###....................# #.#.#
...# #..............©.....# #.#.#
...# #...###.......####...###.#.#
.### #..##.###...###.##....##.#.#
..# #.(#.#∩ #..##..###....##.#†#
#.# #..## #.####..# #.....##.#.#
#.# #...##....W..##.##.....#.#.#
#.## #....##..#x#3.##.##..#.#.#.#
#..# #....©#©#.x@.# #.K#......#.#
##.###...###...###.#..##..#...#.#
##.##...###.:###.##.. #.......#.#
##...:..###.##....##.##...##~.#.#
#####...#..##...###.#.##..##..#.#
# #...##.##..##...##.#..##..#.. #
##...#..#..#K...).##..##.)###
######...#x##..##..####...##.)[.)
.........###....####......##.####


You could see a sun demon, 2 small abominations and TekDriveTruck's ghost.

Vanquished Creatures
  Prince Ribbit (D:5)
  A sky beast (D:6)
  2 ice beasts
  An orc warrior (D:6)
  4 ogres
  2 black bears (D:6)
  2 centaurs
  A phantom (D:6)
  3 scorpions
  2 hounds (D:6)
  3 orc priests
  6 iguanas
  Ijyb (D:5)
  3 orc wizards (D:6)
  8 adders
  A shadow imp (D:5)
  2 white imps
  An ufetubus (D:5)
  3 worms
  4 dart slugs
  28 orcs
  12 ball pythons
  7 endoplasms
  4 giant cockroaches
  5 goblins
  7 hobgoblins
  2 jackals (D:3)
  A quokka (D:3)
  3 bats
  7 frilled lizards
  13 kobolds
  2 rats
142 creatures vanquished.

Notes
Turn   | Place    | Note
-------+----------+-------------------------------------------
     0 | D:1      | diecastcamel the Demonspawn Berserker began the quest for
                  | the Orb.
     0 | D:1      | Reached XP level 1. HP: 18/18 MP: 1/1
    29 | D:1      | Noticed a swamp worm
    29 | D:1      | Noticed an iguana
    30 | D:1      | Noticed an anaconda
   297 | D:1      | Gained mutation: You may rarely emit foul miasma when
                  | damaged in melee. [demonic ancestry]
   297 | D:1      | Reached XP level 2. HP: 24/24 MP: 2/2
   516 | D:1      | Reached skill level 3 in Axes
   829 | D:2      | Gained mutation: You are partially covered in large bone
                  | plates. (SH +4) [demonic ancestry]
   829 | D:2      | Reached XP level 3. HP: 29/29 MP: 3/3
  1482 | D:2      | Reached skill level 4 in Axes
  1658 | D:2      | Reached ** piety under Trog
  1684 | D:2      | Gained mutation: You sometimes emit foul miasma when
                  | damaged in melee. [demonic ancestry]
  1684 | D:2      | Reached XP level 4. HP: 35/36 MP: 2/4
  2269 | D:3      | Found a hazy altar of Hepliaklqana.
  2273 | D:3      | Reached XP level 5. HP: 41/41 MP: 5/5
  2476 | D:3      | Found a runed translucent door.
  2477 | D:3      | Noticed Crazy Yiuf
  2892 | D:4      | Noticed a centaur
  2989 | D:4      | Killed a centaur
  2990 | D:4      | Reached skill level 5 in Axes
  3278 | D:4      | Reached XP level 6. HP: 27/47 MP: 3/6
  3394 | D:4      | Reached skill level 6 in Axes
  3682 | D:4      | Noticed an ice beast
  3692 | D:4      | Killed an ice beast
  3693 | D:4      | Reached XP level 7. HP: 54/54 MP: 5/7
  4250 | D:5      | Entered Level 5 of the Dungeon
  4585 | D:5      | Reached skill level 7 in Axes
  4720 | D:5      | Noticed Prince Ribbit
  4732 | D:5      | Killed Prince Ribbit
  4733 | D:5      | Gained mutation: A meltable shield of frost defends you.
                  | (SH +0) [demonic ancestry]
  4733 | D:5      | Reached XP level 8. HP: 55/61 MP: 6/8
  4737 | D:5      | Found a staircase to the Ecumenical Temple.
  5035 | D:5      | Reached skill level 5 in Fighting
  5172 | D:5      | Noticed Ijyb
  5184 | D:5      | Killed Ijyb
  5669 | D:6      | Noticed a sun demon
  5753 | D:6      | Reached *** piety under Trog
  5771 | D:6      | Found a transporter.
  5918 | D:6      | Reached skill level 8 in Axes
  6473 | D:6      | Gained mutation: You frequently emit foul miasma when
                  | damaged in melee. [demonic ancestry]
  6473 | D:6      | Reached XP level 9. HP: 69/69 MP: 9/9
  6485 | D:6      | Found an ornate altar of the Wu Jian Council.
  6608 | D:6      | Found a one-way gate to the infinite horrors of the Abyss.
  6608 | D:6      | Noticed TekDriveTruck's ghost (novice GnFi)
  6642 | D:6      | Found a transporter.
  6965 | D:6      | Mangled by a small abomination

Illustrated notes

Levels and vault maps discovered:
D:1:      onia_arrival_zoo_common, layout_loops_ring
D:2:      layout_basic, chequers_serial_rivers_room_a
D:3:      layout_rooms, mainiacjoe_overflow_concentric_impassable,
          grunt_decor_cap, amcnicky_mini_pool_small, uniq_crazy_yiuf_cottage
D:4:      layout_basic, minmay_lizard_king
D:5:      nicolae_BIG_FREAKIN_CUBE, layout_gridville,
          hangedman_decor_peaks_small, uniq_ijyb, uniq_prince_ribbit1
D:6:      layout_basic, nicolae_wu_jian_glorious_leap,
          gammafunk_ghost_abyssal_escape

Skill      XL: |  1  2  3  4  5  6  7  8 |
---------------+-------------------------+-----
Axes           | 3 4 5 6 7 8 |  8.5
Armour         | 2 3 4 |  4.5
Dodging        | 2 3 4 |  4.4
Fighting       | 4 5 |  5.8

Action                     |  1- 3 |  4- 6 |  7- 9 || total
---------------------------+-------+-------+-------++-------
  Melee: Hand axe          |    99 |   134 |   194 ||   427
         Punch             |     3 |       |     2 ||     5
  Throw: Dart              |       |       |    23 ||    23
 Invoke: Berserk           |     2 |     1 |     2 ||     5
         Trog's Hand       |       |       |     3 ||     3
  Evoke: Wand              |       |     7 |     4 ||    11
    Use: Scroll            |       |     7 |     2 ||     9
         Potion            |       |       |     1 ||     1
   Stab: Sleeping          |     1 |       |       ||     1
         Invisible         |       |     4 |       ||     4
 Armour: Animal skin       |     6 |       |       ||     6
         Ring mail         |    10 |       |       ||    10
         Scale mail        |     9 |    34 |    18 ||    61
         Plate armour      |       |       |    23 ||    23
         Chain mail        |       |       |     9 ||     9
  Dodge: Dodged            |    54 |    55 |    46 ||   155
  Block: Other             |     5 |    20 |    34 ||    59
